 Dungeon Crawl Stone Soup version 0.24.0 (webtiles) character file.

Game seed: 2670774183737666215, levelgen mode: deterministic

22746 b5mith the Warrior (level 12, -8/125 HPs)
             Began as a Minotaur Berserker on Feb 8, 2020.
             Was a High Priest of Trog.
             Mangled by a vault guard
             ... wielding a +0 long sword
              (16 damage)
             ... on level 13 of the Dungeon.
             The game lasted 00:48:48 (11323 turns).

b5mith the Warrior (Minotaur Berserker)            Turns: 11323, Time: 00:48:48

Health: -8/125     AC: 16    Str: 26    XL:     12   Next: 65%
Magic:  3/3        EV: 12    Int:  4    God:    Trog [*****.]
Gold:   784        SH:  5    Dex: 15    Spells: 11/11 levels left

rFire    + . .     SeeInvis .   X - +4 halberd (antimagic)
rCold    x . .     Gourm    .   (shield currently unavailable)
rNeg     + . .     Faith    .   u - +3 ring mail {rPois}
rPois    +         Spirit   .   (helmet restricted)
rElec    .         Reflect  +   S - +2 cloak {+Inv}
rCorr    .         Harm     .   y - +2 pair of gloves of Sif Muna's Delight {rN+ Dex+4 Stlth+}
MR       .....                  V - +1 pair of boots {Fly}
Stlth    ++........             H - +5 amulet of reflection
HPRegen  0.30/turn              G - ring of fire
MPRegen  0.08/turn              (no ring)

@: berserk cooldown, flying, slowed, very slow
A: retaliatory headbutt, horns 2
a: Berserk, Trog's Hand, Brothers in Arms, Renounce Religion, Evoke
Invisibility, Stop Flying


You were on level 13 of the Dungeon.
You worshipped Trog.
Trog was extremely pleased with you.
You were hungry.

You visited 1 branch of the dungeon, and saw 13 of its levels.
You also visited: Ossuary.

You collected 994 gold pieces.
You spent 210 gold pieces at shops.

Inventory:

Hand Weapons
 X - a +4 antimagic halberd (weapon)
   (Trog gifted it to you on level 11 of the Dungeon)
 Y - a +3 spear of freezing
   (You took it off a wight on level 11 of the Dungeon)
Missiles
 k - 23 boomerangs (quivered)
Armour
 r - the +5 chain mail of the Loofah {rCorr}
   (You found it on level 3 of the Dungeon)

   It provides partial protection from all sources of acid and corrosion.
 u - a +3 ring mail of poison resistance (worn)
   (You found it on level 3 of the Dungeon)
 y - the +2 pair of gloves of Sif Muna's Delight (worn) {rN+ Dex+4 Stlth+}
   (You found it on level 4 of the Dungeon)

   It affects your dexterity (+4).
   It protects you from negative energy.
   It makes you more stealthy.
 S - a +2 cloak of invisibility (worn)
   (You found it on level 10 of the Dungeon)
 V - a +1 pair of boots of flying (worn)
   (You bought it in a shop on level 11 of the Dungeon)
Jewellery
 G - a ring of fire (left hand)
   (You found it on level 7 of the Dungeon)
 H - a +5 amulet of reflection (around neck)
   (You found it on level 8 of the Dungeon)
 U - an uncursed ring of magical power
   (You took it off an orc on level 11 of the Dungeon)
 W - an uncursed amulet of regeneration {unknown}
   (You found it on level 11 of the Dungeon)
Wands
 a - a wand of acid (23)
   (You found it on level 5 of the Dungeon)
 s - a wand of paralysis (22)
   (You found it on level 3 of the Dungeon)
 t - a wand of disintegration (29)
   (You found it on level 3 of the Dungeon)
 v - a wand of flame (80)
   (You found it on level 4 of the Dungeon)
 A - a wand of iceblast (11)
   (You found it on level 6 of the Dungeon)
 T - a wand of random effects (15)
   (You found it on level 13 of the Dungeon)
Scrolls
 d - 2 scrolls of teleportation {unknown}
 i - 9 scrolls of identify {@r1}
 m - 5 scrolls of remove curse {@r2}
 n - 3 scrolls of random uselessness {unknown}
 w - 2 scrolls of enchant armour
 B - 4 scrolls of enchant weapon {unknown}
 D - 2 scrolls of fog {unknown}
 I - a scroll of blinking {unknown}
 J - a scroll of silence {unknown}
 K - a scroll of amnesia {unknown}
 M - a scroll of brand weapon {unknown}
 O - a scroll of immolation {unknown}
 P - 3 scrolls of magic mapping {unknown}
 Q - a scroll of vulnerability {unknown}
Potions
 b - a potion of cancellation {unknown}
 c - 5 potions of curing {@q1}
 e - 2 potions of resistance {unknown}
 f - 2 potions of agility {unknown}
 l - a potion of flight {unknown}
 o - 2 potions of heal wounds {unknown}
 p - 2 potions of lignification {unknown}
 x - 3 potions of berserk rage
 z - 2 potions of mutation {unknown}
 E - a potion of brilliance {unknown}
 L - a potion of might {unknown}
 N - a potion of magic {unknown}
Comestibles
 j - 9 rations


   Skills:
 + Level 17.2 Fighting
   Level 4.8 Maces & Flails
 + Level 16.6 Polearms
 - Level 2.4 Armour
 - Level 2.1 Dodging


You had 11 spell levels left.
You didn't know any spells.
Your spell library was empty.

Dungeon Overview and Level Annotations

Branches:
Dungeon (13/15)            Temple (0/1) D:5            Lair (0/6) D:9
    Orc (0/2) D:10         Vaults (0/5) D:13        Ossuary (visited)

Altars:
Ashenzari
Cheibriados
Kikubaaqudgha
Makhleb
Okawaru
Ru
Wu Jian
The Shining One

Shops:
D:4 [(*%   D:6 ?   D:10 ([!(   D:11 [


Innate Abilities, Weirdness & Mutations

You reflexively headbutt those who attack you in melee.
You have a pair of horns on your head.


Message History

You slice the vault guard!!
The vault guard is heavily wounded.
The vault guard hits you with a +0 long sword.
* * * LOW HITPOINT WARNING * * *
The vault guard blocks your attack.
The vault guard is heavily wounded.
You puncture the vault guard! The vault guard blocks your attack.
The vault guard is severely wounded.
You are no longer berserk.
You are exhausted.
You feel yourself slow down.
Your ring mail prevents you from hitting the vault guard.
The vault guard is severely wounded.
The vault guard hits you with a +0 long sword.
* * * LOW HITPOINT WARNING * * *
The vault guard blocks your attack. x2
The vault guard is severely wounded.
The vault guard hits you with a +0 long sword!
* * * LOW HITPOINT WARNING * * *
You closely miss the vault guard. Your headbutt misses the vault guard.
The vault guard is severely wounded.
The vault guard completely misses you.
You hit the vault guard but do no damage.
Your headbutt misses the vault guard.
The vault guard is severely wounded.
The vault guard misses you.
You are feeling hungry.
The vault guard hits you with a +0 long sword!
* * * LOW HITPOINT WARNING * * *
Aiming: Corrosive Bolt
Press: ? - help, Shift-Dir - straight line, f - vault guard
Aim: a vault guard, wielding a +0 long sword, wearing a +0 plate armour and wearing a +0 large shield (severely wounded)
The bolt of acid hits the vault guard!
The vault guard is splashed with acid.
The vault guard is severely wounded.
The vault guard hits you with a +0 long sword.
* * * LOW HITPOINT WARNING * * *
Aiming: Iceblast
Press: ? - help, Shift-Dir - straight line, f/p - vault guard
Aim: a vault guard, wielding a +0 long sword, wearing a +0 plate armour and wearing a +0 large shield (severely wounded)
Okay, then.
Aiming: Paralyse
Press: ? - help, Shift-Dir - straight line, f/p - vault guard
Aim: a vault guard, wielding a +0 long sword, wearing a +0 plate armour and wearing a +0 large shield (severely wounded, chance to defeat MR: 15%)
The vault guard resists with almost no effort.
The vault guard hits you with a +0 long sword.
* * * LOW HITPOINT WARNING * * *
The vault guard barely misses you. You furiously retaliate!
You headbutt the vault guard!
The vault guard hits you with a +0 long sword!
You die...

##### #...######
#........##
#####...####..##
#...##.##......##
#...p@.##.#.....#
#..p##### ##...##
##p## #...#######
###.# #..........
#.pp# #
##..####### #.#.#
#. ##..# #.###
#.##...## ####
#)#
#.......###...
#p#
#.##...[...##.##


You could see 3 vault guards.

Vanquished Creatures
  A hydra (D:12)
  3 vault guards (D:13)
  4 two-headed ogres
  A tengu warrior (D:13)
  Urug (D:10)
  4 skeletal warriors (D:12)
  An unseen horror (D:10)
  An ugly thing (D:12)
  2 cyclopes
  A manticore (D:13)
  A guardian serpent (D:9)
  3 gargoyles
  A centaur skeleton (D:12)
  6 trolls
  A hornet (D:13)
  A raiju (shapeshifter) (D:13)
  3 wraiths
  A wyvern (D:11)
  8 yaks
  Sigmund (D:6)
  Grum (D:10)
  A hungry ghost (D:10)
  An acid dragon (D:11)
  2 orc warriors
  A black bear (D:11)
  7 ice beasts
  A phantom (D:9)
  4 sky beasts
  9 wolves
  A necrophage (D:11)
  4 ogres
  7 centaurs
  A big kobold (D:10)
  5 bullfrogs
  2 scorpions
  A wyvern skeleton (D:11)
  A water moccasin skeleton (D:10)
  8 killer bees (D:11)
  9 wights
  An electric eel (D:9)
  4 howler monkeys
  3 crimson imps
  A bullfrog zombie (D:11)
  A quasit (D:10)
  4 jellies
  2 centaur zombies
  A bullfrog skeleton (D:12)
  12 hounds
  A human zombie (Ossuary)
  6 orc priests
  16 orc wizards
  5 iguanas
  A worker ant (shapeshifter) (D:13)
  8 worker ants
  2 big kobold zombies (Ossuary)
  2 mummies (Ossuary)
  2 howler monkey zombies
  A howler monkey skeleton (D:5)
  2 worker ant zombies (D:10)
  12 gnolls
  12 adders
  5 shadow imps
  3 oozes
  4 adder skeletons
  A worm (D:5)
  A dart slug (D:2)
  4 leopard geckos
  47 orcs
  2 giant cockroaches
  3 goblins (D:2)
  5 hobgoblins
  10 jackals
  5 quokkas
  2 ball pythons
  A frilled lizard (D:2)
  4 gnoll zombies (Ossuary)
  3 goblin zombies (Ossuary)
  A hobgoblin zombie (Ossuary)
  9 kobolds
  A leopard gecko skeleton (D:4)
  A leopard gecko zombie (D:5)
  3 orc zombies (Ossuary)
  A quokka zombie (D:8)
  3 rats
  A rat zombie (D:3)
330 creatures vanquished.

Notes
Turn   | Place    | Note
-------+----------+-------------------------------------------
     0 | D:1      | b5mith the Minotaur Berserker began the quest for the Orb.
     0 | D:1      | Reached XP level 1. HP: 19/19 MP: 0/0
    28 | D:1      | You fall into a shaft and drop 1 floor!
    45 | D:2      | Reached skill level 4 in Fighting
    49 | D:2      | Reached XP level 2. HP: 24/27 MP: 1/1
   129 | D:2      | HP: 1/27 [poisoned by an adder]
   451 | D:2      | Reached XP level 3. HP: 30/34 MP: 2/2
   456 | D:2      | Found a snail-covered altar of Cheibriados.
   604 | D:2      | Reached XP level 4. HP: 23/41 MP: 3/3
   664 | D:2      | Reached skill level 5 in Fighting
   693 | D:2      | Reached skill level 1 in Polearms
   752 | D:2      | Found a glowing golden altar of the Shining One.
   781 | D:2      | Reached ** piety under Trog
  1291 | D:3      | Reached XP level 5. HP: 48/48 MP: 4/4
  1472 | D:3      | Reached skill level 6 in Fighting
  1522 | D:3      | Reached XP level 6. HP: 33/58 MP: 5/5
  1761 | D:3      | Got a steaming chain mail
  1762 | D:3      | Identified the +5 chain mail of the Loofah {rCorr} (You
                  | found it on level 3 of the Dungeon)
  2006 | D:3      | Found an ancient bone altar of Kikubaaqudgha.
  2076 | D:3      | Found a sacrificial altar of Ru.
  2144 | D:4      | Found Sirphol's Armour Emporium.
  2195 | D:4      | Found Heapt's Assorted Antiques.
  2233 | D:4      | Found Cuppaalu's Food Emporium.
  2272 | D:4      | Reached skill level 7 in Fighting
  2372 | D:4      | Reached *** piety under Trog
  2449 | D:4      | Got a pair of ichor-stained gloves
  2455 | D:4      | Identified the +2 pair of gloves of Sif Muna's Delight {rN+
                  | Dex+4 Stlth+} (You found it on level 4 of the Dungeon)
  2456 | D:4      | Reached skill level 5 in Polearms
  2456 | D:4      | Reached XP level 7. HP: 63/66 MP: 6/6
  2526 | D:4      | Found Ahu Mir's Weapon Emporium.
  2699 | D:5      | Entered Level 5 of the Dungeon
  2843 | D:5      | Found a burning altar of Makhleb.
  2857 | D:5      | Found an iron altar of Okawaru.
  2864 | D:5      | Reached skill level 8 in Fighting
  2969 | D:5      | Found a shattered altar of Ashenzari.
  3002 | D:5      | Found a staircase to the Ecumenical Temple.
  3013 | D:5      | Reached XP level 8. HP: 57/77 MP: 7/7
  3265 | D:5      | Reached skill level 9 in Fighting
  3514 | D:6      | Noticed Sigmund
  3530 | D:6      | Reached **** piety under Trog
  3537 | D:6      | Killed Sigmund
  3537 | D:6      | Reached skill level 10 in Fighting
  3648 | D:6      | Found Fyrgh's Magic Scroll Boutique.
  3801 | D:6      | Found a sand-covered staircase.
  3805 | Ossuary  | Entered an ossuary
  4062 | D:7      | Reached XP level 9. HP: 86/86 MP: 8/8
  4331 | D:7      | Found an ornate altar of the Wu Jian Council.
  4579 | D:8      | Reached skill level 11 in Fighting
  4641 | D:8      | Reached ***** piety under Trog
  4698 | D:8      | Noticed a two-headed ogre
  4704 | D:8      | Reached skill level 10 in Polearms
  4714 | D:8      | Killed a two-headed ogre
  5421 | D:9      | Noticed a troll
  5423 | D:9      | Noticed a troll
  5433 | D:9      | Killed a troll
  5433 | D:9      | Reached skill level 12 in Fighting
  5438 | D:9      | Killed a troll
  5444 | D:9      | Reached XP level 10. HP: 28/99 MP: 9/9
  5676 | D:9      | Noticed a guardian serpent
  5683 | D:9      | Killed a guardian serpent
  6051 | D:9      | Found a staircase to the Lair.
  6187 | D:9      | Reached skill level 13 in Fighting
  6648 | D:9      | Noticed a two-headed ogre
  6657 | D:9      | Killed a two-headed ogre
  7188 | D:10     | Entered Level 10 of the Dungeon
  7218 | D:10     | Found a staircase to the Orcish Mines.
  7247 | D:10     | Noticed a gargoyle
  7256 | D:10     | Killed a gargoyle
  7276 | D:10     | Killed an unseen horror
  7610 | D:10     | Reached skill level 14 in Fighting
  7636 | D:10     | Received a gift from Trog
  7643 | D:10     | Reached XP level 11. HP: 49/110 MP: 10/10
  7899 | D:10     | Found Quna's Weapon Emporium.
  7963 | D:10     | Noticed a two-headed ogre
  7973 | D:10     | Killed a two-headed ogre
  8031 | D:10     | Found Vimeluin's Armour Shop.
  8033 | D:10     | Noticed Urug
  8054 | D:10     | Killed Urug
  8116 | D:10     | Found Nempaamo's Weapon Shop.
  8168 | D:10     | Noticed Grum
  8179 | D:10     | Killed Grum
  8355 | D:10     | Found Hewatasuup's Distillery.
  8654 | D:11     | Reached skill level 15 in Fighting
  8797 | D:11     | Found Suqiusum's Antique Armour Shoppe.
  8810 | D:11     | Bought a pair of runed boots for 210 gold pieces
  9114 | D:11     | Received a gift from Trog
  9443 | D:12     | Noticed a skeletal warrior
  9443 | D:12     | Noticed a skeletal warrior
  9443 | D:12     | Noticed a skeletal warrior
  9467 | D:12     | Killed a skeletal warrior
  9476 | D:12     | Killed a skeletal warrior
  9486 | D:12     | Killed a skeletal warrior
  9486 | D:12     | Reached skill level 15 in Polearms
  9560 | D:12     | Noticed a six-headed hydra
  9578 | D:12     | Killed a six-headed hydra
  9714 | D:12     | Noticed a skeletal warrior
  9746 | D:12     | Killed a skeletal warrior
  9746 | D:12     | Reached XP level 12. HP: 27/122 MP: 11/11
 10130 | D:12     | Reached skill level 16 in Fighting
 11071 | D:13     | Noticed a tengu warrior
 11084 | D:13     | Killed a tengu warrior
 11172 | D:13     | Noticed a two-headed ogre
 11177 | D:13     | Killed a two-headed ogre
 11276 | D:13     | Noticed a vault guard
 11276 | D:13     | Noticed a vault guard
 11277 | D:13     | Found a gate to the Vaults.
 11277 | D:13     | Noticed a vault guard
 11277 | D:13     | Noticed a vault guard
 11277 | D:13     | Noticed a vault guard
 11277 | D:13     | Noticed a vault guard
 11278 | D:13     | Noticed a vault guard
 11278 | D:13     | Noticed a vault guard
 11291 | D:13     | Killed a vault guard
 11295 | D:13     | Killed a vault guard
 11295 | D:13     | Reached skill level 17 in Fighting
 11303 | D:13     | Killed a vault guard
 11323 | D:13     | Mangled by a vault guard

Levels and vault maps discovered:
D:1:      dpeg_arrival_erosion, layout_basic
D:2:      layout_loops_ring, cheibriados_altar_1, nicolae_tso_carved_into_rock
D:3:      minmay_octagon_keep, layout_basic, nicolae_ru_awakened_eye,
          lemuel_zombie_altar_kikubaaqudgha, first_ration
D:4:      layout_basic, serial_shops, nicolae_shop_overgrown_old_shop, shop,
          kennysheep_little_box, shop
D:5:      layout_gridville, nicolae_overflow_hidden_temple,
          cheibrodos_ashenzari_chains, overflow_temple_1_default,
          minmay_temple_entry_waves
D:6:      layout_rooms, serial_shops, shop, enter_ossuary_5, uniq_sigmund
D:7:      layout_gridville, kennysheep_mini
D:8:      layout_loops_corners, kennysheep_nub
D:9:      layout_basic, elyvilon_altar_5, erik_lair_island, basic_altar,
          serial_shops, shop, grunt_ogre_cave, dk_vineyard_1,
          minmay_misc_feat_chi, nrook_guardian_serpent_ordinary
D:10:     layout_loops_corners, orc_0_dummy, serial_shops, shop_statue, shop,
          shop, nicolae_shop_crystal, chequers_hall_statues_wall_a, uniq_grum,
          uniq_urug
D:11:     layout_irregular_city, serial_shops, kennysheep_mini_moat
D:12:     layout_layer_cave
D:13:     layout_loops_corners, erik_vaults_2
